 Dungeon Crawl Stone Soup version 0.23.2-40-g277498a001 (webtiles) character file.

Game seed: 16152371449416283693

473 Descartes the Insei (level 7, 0/48 HPs)
             Began as a Vine Stalker Transmuter on Oct 14, 2019.
             Succumbed to a scorpion's poison
             ... on level 4 of the Dungeon.
             The game lasted 00:09:27 (3403 turns).

Descartes the Insei (Vine Stalker Transmuter)       Turns: 3403, Time: 00:09:27

Health: 0/48       AC: 23    Str: 19    XL:     7   Next: 10%
Magic:  7/11       EV:  2    Int: 13    God:
Gold:   136        SH:  4    Dex: 15    Spells: 7/10 levels left

rFire    . . .     SeeInvis .     - Unarmed
rCold    . . .     Gourm    .   r - +0 buckler
rNeg     + + +     Faith    .   (armour currently unavailable)
rPois    +         Spirit   +   (helmet currently unavailable)
rElec    .         Reflect  .   (cloak currently unavailable)
rCorr    .         Harm     .   (gloves currently unavailable)
MR       .....     NoTele   +   (boots currently unavailable)
Stlth    ++........             z - amulet of the acrobat
HPRegen  0.56/turn              (no ring)
MPRegen  0.12/turn              (no ring)

@: mighty, lethally poisoned (0 -> -10), tree-form, very slightly contaminated,
invisible
A: regeneration 1, magic shield, no potion heal 3, rot immunity
a: no special abilities


You were on level 4 of the Dungeon.
You were not hungry.
You were a tree.
You visited 1 branch of the dungeon, and saw 4 of its levels.

You collected 136 gold pieces.

Inventory:

Missiles
 a - 49 arrows
 i - 8 javelins (quivered)
 k - 25 bolts
 n - 77 stones
 w - 21 poisoned needles
Armour
 l - a scarf of repulsion (melded)
 m - a +0 leather armour (melded)
 r - a +0 buckler (worn)
 x - a +0 helmet (melded)
Jewellery
 e - an uncursed ring of fire
 z - an amulet of the acrobat (around neck)
Scrolls
 c - 3 scrolls of blinking {unknown}
 f - 3 scrolls of identify {unknown}
 h - 2 scrolls of enchant weapon {unknown}
 o - 3 scrolls of remove curse {unknown}
 q - a scroll of magic mapping {unknown}
 t - a scroll of immolation {unknown}
 v - a scroll of teleportation {unknown}
 y - a scroll of amnesia {unknown}
Potions
 b - a potion of flight {unknown}
 j - a potion of invisibility
 p - a potion of lignification
 u - a potion of haste {unknown}
 A - a potion of degeneration {unknown}
Comestibles
 d - 3 rations


   Skills:
 - Level 0.8 Fighting
 + Level 2.0 Armour
 + Level 2.9 Dodging
 - Level 1.4 Stealth
 + Level 2.0 Shields
 * Level 5.2 Unarmed Combat
 - Level 2.1 Spellcasting
 + Level 3.2 Transmutations


You had 7 spell levels left.
You knew the following spells:

 Your Spells              Type           Power        Failure   Level  Hunger
a - Beastly Appendage     Tmut           #.....       9%          1    ##.....
b - Sticks to Snakes      Tmut           #.......     13%         2    ###....

Your spell library contained the following spells:

 Spells                   Type           Power        Failure   Level  Hunger
 Spider Form              Tmut/Pois      #.........   43%         3    ####...
 Ice Form                 Ice/Tmut       #.......     85%         4    #####..
 Blade Hands              Tmut           #.........   93%         5    ######.


Dungeon Overview and Level Annotations

Branches:
Dungeon (4/15)
 Temple: D:4-7

Altars:


Innate Abilities, Weirdness & Mutations

((You have extremely sharp teeth.))
Your natural rate of healing is unusually fast.
When hurt, damage is shared between your health and your magic reserves.
((Your bite disrupts and absorbs the magic of your enemies.))
Potions cannot restore your health.
You are immune to rotting.


Message History

* * * LOW HITPOINT WARNING * * *
You feel sick.
You smack the worm!
The worm is severely wounded.
* * * LOW HITPOINT WARNING * * *
You feel sick.
You smack the worm!
You kill the worm!
* * * LOW HITPOINT WARNING * * *
You feel sick.
You cannot move.
You cannot move.
It was a potion of invisibility.
You fade into invisibility!
* * * LOW HITPOINT WARNING * * *
You feel sick.
You are very lightly contaminated with residual magic.
It was a potion of might.
You feel very mighty all of a sudden.
You die...

#.## ##...# #####....#
....## #.##.....# .......##
#....... ## ........#
#.....### ####.
........###.......######....
.........##.................
.........##♣######..........
.........#†## ##..........
.....?.....# ##...........
...........# ###<...........
...........###..............
...........##...............
...........###..............
......###.## ##.......[....#
###.## #.# ##..........##


There were no monsters in sight!

Vanquished Creatures
  Grinder (D:2)
  An ogre (D:2)
  A scorpion (D:4)
  A worker ant (D:4)
  5 adders
  4 worms
  2 dart slugs
  4 leopard geckos
  5 goblins
  7 hobgoblins
  2 jackals (D:3)
  A quokka (D:3)
  14 bats
  2 frilled lizards (D:1)
  12 kobolds
  5 rats
67 creatures vanquished.

Notes
Turn   | Place    | Note
-------+----------+-------------------------------------------
     0 | D:1      | Descartes the Vine Stalker Transmuter began the quest for
                  | the Orb.
     0 | D:1      | Reached XP level 1. HP: 9/9 MP: 4/4
   294 | D:1      | Reached XP level 2. HP: 13/14 MP: 6/6
   324 | D:1      | Reached skill level 1 in Stealth
   432 | D:1      | Learned a level 2 spell: Sticks to Snakes
   757 | D:1      | Reached XP level 3. HP: 17/17 MP: 5/7
  2122 | D:2      | Noticed an ogre
  2128 | D:2      | Killed an ogre
  2128 | D:2      | Reached skill level 1 in Armour
  2128 | D:2      | Reached skill level 1 in Shields
  2128 | D:2      | Reached skill level 4 in Unarmed Combat
  2128 | D:2      | Gained mutation: Your natural rate of healing is unusually
                  | fast. [Vine Stalker growth]
  2128 | D:2      | Reached XP level 4. HP: 14/21 MP: 4/8
  2128 | D:2      | Reached XP level 5. HP: 17/25 MP: 4/9
  2280 | D:3      | Noticed Grinder
  2284 | D:3      | Paralysed by Grinder for 2 turns
  2615 | D:2      | Killed Grinder
  2615 | D:2      | Reached skill level 5 in Unarmed Combat
  2615 | D:2      | Reached XP level 6. HP: 16/29 MP: 8/10
  3398 | D:4      | Reached XP level 7. HP: 6/32 MP: 6/11
  3402 | D:4      | HP: 2/48 [poisoned by a scorpion]
  3403 | D:4      | Succumbed to a scorpion's poison

Skill      XL: |  1  2  3  4  5  6 |
---------------+-------------------+-----
Stealth        | 1 |  1.4
Dodging        | 2 |  2.9
Armour         | 1 2 |  2.0
Shields        | 1 2 |  2.0
Unarmed Combat | 4 5 |  5.2
Transmutations | 3 |  3.2
Fighting       | |  0.8
Spellcasting   | |  2.1

Action                   |  1- 3 |  4- 6 |  7- 9 || total
-------------------------+-------+-------+-------++-------
Melee: Unarmed           |   145 |   145 |     2 ||   292
       Bite              |    30 |    32 |       ||    62
       Punch             |     2 |       |       ||     2
  Use: Potion            |       |       |     3 ||     3
 Stab: Sleeping          |     6 |     4 |       ||    10
  Eat: Chunk             |     4 |     4 |       ||     8
Armor: Robe              |    22 |       |       ||    22
       Leather armour    |    22 |    26 |       ||    48
Dodge: Dodged            |   105 |    78 |       ||   183
       Deflected         |     8 |     1 |       ||     9
Block: Buckler           |     3 |    24 |       ||    27
